3A
DELAWARE 1787 BC @ HOGSMEADE CAULDRONS
05/26/2022
 
TOP OF THE 1ST
Delaware 1787 BC batting - Pitching for Hogsmeade Cauldrons : LHP Octávio Ríos
Pitching: LHP Octávio Ríos
Batting: LHB Tony Vega 0-0: Foul Ball, location: 2F
0-1: Ball
1-1: Swinging Strike
1-2: Foul Ball, location: 2F
1-2: Ball
2-2: DOUBLE (Line Drive, 78M)
Batting: LHB José Cordero 0-0: Ball
1-0: Called Strike
1-1: DOUBLE (Flyball, 7LD)
Tony Vega scores
Batting: RHB Jim Scott 0-0: Ball
1-0: 2-RUN HOME RUN (Flyball, 8RXD), Distance : 456 ft
Batting: LHB Ángel Aguilar 0-0: Ground out 4-3 (Groundball, 4)
Batting: RHB Henrique Shearman 0-0: Swinging Strike
0-1: Ball
1-1: Ball
2-1: Foul Ball, location: 2F
2-2: Foul Ball, location: 2F
2-2: Foul Ball, location: 2F
2-2: Ball
3-2: Fly out, F7 (Flyball, 7S)
Batting: RHB Pedro Rivera 0-0: Ball
1-0: Ball
2-0: Called Strike
2-1: Foul Ball, location: 2F
2-2: Ball
3-2: Fly out, F6 (Popup, 5DF)
Top of the 1st over - 3 run(s), 3 hit(s), 0 error(s), 0 left on base; Delaware 3 - Hogsmeade 0
BOTTOM OF THE 1ST
Hogsmeade Cauldrons batting - Pitching for Delaware 1787 BC : LHP Walker Beach
Pitching: LHP Walker Beach
Batting: RHB Santiago Mosca 0-0: Ground out 6-3 (Groundball, 6)
Batting: RHB Ernesto Souza 0-0: Ball
1-0: Foul Ball, location: 2F
1-1: Called Strike
1-2: Strikes out swinging
Batting: RHB Jesús Cisneros 0-0: Called Strike
0-1: Ball
1-1: Called Strike
1-2: Strikes out swinging
Bottom of the 1st over - 0 run(s), 0 hit(s), 0 error(s), 0 left on base; Delaware 3 - Hogsmeade 0
TOP OF THE 2ND
Delaware 1787 BC batting - Pitching for Hogsmeade Cauldrons : LHP Octávio Ríos
Batting: RHB Mike Greene 0-0: Foul Ball, location: 2F
0-1: Foul Ball, location: 2F
0-2: Ball
1-2: Foul Ball, location: 2F
1-2: SINGLE (Groundball, 6MD)
Batting: LHB Salvador Avilés 0-0: Reached on Error, E7 (Flyball, 7M)
Mike Greene to second
Batting: RHB David Ortega 0-0: Ball
1-0: Foul Ball, location: 2F
1-1: Ball
2-1: Swinging Strike
2-2: Strikes out swinging
Batting: LHB Tony Vega 0-0: Ball
1-0: Grounds into double play, U6-3 (Groundball, 6M)
Top of the 2nd over - 0 run(s), 1 hit(s), 1 error(s), 1 left on base; Delaware 3 - Hogsmeade 0
BOTTOM OF THE 2ND
Hogsmeade Cauldrons batting - Pitching for Delaware 1787 BC : LHP Walker Beach
Batting: RHB Luis Martínez 0-0: Called Strike
0-1: Called Strike
0-2: Foul Ball, location: 2F
0-2: Foul Ball, location: 2F
0-2: Ball
1-2: Ball
2-2: Strikes out looking
Batting: SHB Fernando Sánchez 0-0: Swinging Strike
0-1: Foul Ball, location: 2F
0-2: Strikes out swinging
Batting: RHB Reynaldo Pérez 0-0: Ball
1-0: Ball
2-0: Ball
3-0: Called Strike
3-1: Base on Balls
Batting: RHB Miguel Torres 0-0: Called Strike
0-1: Ball
1-1: Ball
2-1: Called Strike
2-2: Strikes out swinging
Bottom of the 2nd over - 0 run(s), 0 hit(s), 0 error(s), 1 left on base; Delaware 3 - Hogsmeade 0
TOP OF THE 3RD
Delaware 1787 BC batting - Pitching for Hogsmeade Cauldrons : LHP Octávio Ríos
Batting: LHB José Cordero 0-0: Called Strike
0-1: Ball
1-1: Ball
2-1: Foul Ball, location: 2F
2-2: Foul Ball, location: 2F
2-2: Ground out 4-3 (Groundball, 4)
Batting: RHB Jim Scott 0-0: Called Strike
0-1: Ball
1-1: Foul Ball, location: 2F
1-2: Foul Ball, location: 2F
1-2: Ball
2-2: Strikes out swinging
Batting: LHB Ángel Aguilar 0-0: Ball
1-0: SINGLE (Flyball, 7S)
Batting: RHB Henrique Shearman 0-0: Foul Ball, location: 2F
0-1: Swinging Strike
0-2: Fly out, F8 (Flyball, 8LXD)
Top of the 3rd over - 0 run(s), 1 hit(s), 0 error(s), 1 left on base; Delaware 3 - Hogsmeade 0
BOTTOM OF THE 3RD
Hogsmeade Cauldrons batting - Pitching for Delaware 1787 BC : LHP Walker Beach
Batting: RHB Jim Unknown 0-0: Ball
1-0: Ball
2-0: Foul Ball, location: 2F
2-1: Ball
3-1: Base on Balls
Batting: SHB Jim Unknown 0-0: Swinging Strike
0-1: Ball
1-1: Foul Ball, location: 2F
1-2: Strikes out looking
Batting: RHB Santiago Mosca 0-0: Swinging Strike
0-1: Called Strike
0-2: Ball
1-2: Ball
2-2: Ball
3-2: Base on Balls
Jim Unknown to second
Batting: RHB Ernesto Souza 0-0: Ball
1-0: Called Strike
1-1: Ball
2-1: Called Strike
2-2: SINGLE (Groundball, 6M)
Jim Unknown to third
Santiago Mosca to second
Runner from 3rd tries for Home, SAFE, no throw or cutoff
Batting: RHB Jesús Cisneros 0-0: Fielders Choice at 2nd, 4-6 (Groundball, 4)
Santiago Mosca to third
Batting: RHB Luis Martínez 0-0: Fly out, F8 (Flyball, 8RM)
Bottom of the 3rd over - 1 run(s), 1 hit(s), 0 error(s), 2 left on base; Delaware 3 - Hogsmeade 1
TOP OF THE 4TH
Delaware 1787 BC batting - Pitching for Hogsmeade Cauldrons : LHP Octávio Ríos
Batting: RHB Pedro Rivera 0-0: Foul Ball, location: 2F
0-1: Ground out 1-3 (Groundball, 13S)
Batting: RHB Mike Greene 0-0: Ball
1-0: Ball
2-0: Ball
3-0: Base on Balls
Batting: LHB Salvador Avilés 0-0: Fly out, F5 (Popup, 5SF)
Batting: RHB David Ortega 0-0: Ball
1-0: Foul Ball, location: 2F
1-1: Ground out 6-3 (Groundball, 6)
Top of the 4th over - 0 run(s), 0 hit(s), 0 error(s), 1 left on base; Delaware 3 - Hogsmeade 1
BOTTOM OF THE 4TH
Hogsmeade Cauldrons batting - Pitching for Delaware 1787 BC : LHP Walker Beach
Batting: SHB Fernando Sánchez 0-0: Ball
1-0: Ball
2-0: Called Strike
2-1: Fly out, F8 (Flyball, 8RD)
Batting: RHB Reynaldo Pérez 0-0: Ball
1-0: DOUBLE (Line Drive, 8LM)
Batting: RHB Miguel Torres 0-0: Hit by Pitch
Batting: RHB Jim Unknown 0-0: Ball
1-0: Ball
2-0: Called Strike
2-1: Swinging Strike
2-2: Foul Ball, location: 2F
2-2: Ball
3-2: Strikes out swinging
Batting: SHB Jim Unknown 0-0: Called Strike
0-1: Called Strike
0-2: Ball
1-2: Fly out, F9 (Flyball, 9D)
Bottom of the 4th over - 0 run(s), 1 hit(s), 0 error(s), 2 left on base; Delaware 3 - Hogsmeade 1
TOP OF THE 5TH
Delaware 1787 BC batting - Pitching for Hogsmeade Cauldrons : LHP Octávio Ríos
Batting: LHB Tony Vega 0-0: SINGLE (Line Drive, 78M)
Batting: LHB José Cordero 0-0: Called Strike
0-1: Sac Bunt - play at first, batter OUT! 2-3
Tony Vega to second
Batting: RHB Jim Scott 0-0: Foul Ball, location: 2F
0-1: Ball
1-1: Ball
2-1: Foul Ball, location: 2F
2-2: SINGLE (Line Drive, 4MD)
Tony Vega to third
Batting: LHB Ángel Aguilar 0-0: Called Strike
0-1: Foul Ball, location: 2F
0-2: Ball
1-2: Fly out, F8 (Flyball, 8RD)
Runner from 3rd tags up, SCORES, no throw
Batting: RHB Henrique Shearman 0-0: Swinging Strike
0-1: Called Strike
0-2: Strikes out looking
Top of the 5th over - 1 run(s), 2 hit(s), 0 error(s), 1 left on base; Delaware 4 - Hogsmeade 1
BOTTOM OF THE 5TH
Hogsmeade Cauldrons batting - Pitching for Delaware 1787 BC : LHP Walker Beach
Batting: RHB Santiago Mosca 0-0: Fly out, F3 (Line Drive, 3S)
Batting: RHB Ernesto Souza 0-0: Ball
1-0: Swinging Strike
1-1: Ball
2-1: DOUBLE (Line Drive, 89M)
Batting: RHB Jesús Cisneros 0-0: Ball
1-0: Ball
2-0: Called Strike
2-1: Ball
3-1: SINGLE (Groundball, 6MD)
Ernesto Souza to third
Runner from 3rd tries for Home, SAFE, no throw or cutoff
Batting: RHB Luis Martínez 0-0: Ball
Jesús Cisneros is caught stealing 2nd base
1-0: Reached on Error, E7 (Flyball, 7S)
Batting: SHB Fernando Sánchez 0-0: Ball
1-0: Ball
2-0: Foul Ball, location: 2F
2-1: Foul Ball, location: 2F
2-2: Strikes out swinging
Bottom of the 5th over - 1 run(s), 2 hit(s), 1 error(s), 1 left on base; Delaware 4 - Hogsmeade 2
TOP OF THE 6TH
Delaware 1787 BC batting - Pitching for Hogsmeade Cauldrons : LHP Octávio Ríos
Batting: RHB Pedro Rivera 0-0: Ball
1-0: Called Strike
1-1: SINGLE (Groundball, 56D)
Batting: RHB Mike Greene 0-0: Sac Bunt - play at second, runner OUT! 1-6
Batting: LHB Salvador Avilés 0-0: Fly out, F5 (Line Drive, 5L)
Batting: RHB David Ortega 0-0: Called Strike
0-1: Called Strike
0-2: Strikes out swinging
Top of the 6th over - 0 run(s), 1 hit(s), 0 error(s), 1 left on base; Delaware 4 - Hogsmeade 2
BOTTOM OF THE 6TH
Hogsmeade Cauldrons batting - Pitching for Delaware 1787 BC : LHP Walker Beach
Batting: RHB Reynaldo Pérez 0-0: Called Strike
0-1: Ball
1-1: Ball
2-1: Ball
3-1: Called Strike
3-2: Base on Balls
Batting: RHB Miguel Torres 0-0: Called Strike
0-1: Called Strike
0-2: Ball
1-2: Fly out, F8 (Flyball, 89M)
1-2: Fly out, F8 (Flyball, 89M)
Batting: RHB Jim Unknown 0-0: Ball
1-0: Called Strike
1-1: Fly out, F4 (Popup, 4)
Batting: SHB Jim Unknown 0-0: 2-RUN HOME RUN (Line Drive, 7D), Distance : 416 ft
Batting: RHB Santiago Mosca 0-0: Ball
1-0: Ground out 4-3 (Groundball, 4M)
Bottom of the 6th over - 2 run(s), 1 hit(s), 0 error(s), 0 left on base; Delaware 4 - Hogsmeade 4
TOP OF THE 7TH
Delaware 1787 BC batting - Pitching for Hogsmeade Cauldrons : LHP Octávio Ríos
Batting: LHB Tony Vega 0-0: Ball
1-0: Called Strike
1-1: Foul Ball, location: 2F
1-2: Ground out U3 (Groundball, 3S)
Batting: LHB José Cordero 0-0: Ball
1-0: Called Strike
1-1: Foul Ball, location: 2F
1-2: Strikes out swinging
Batting: RHB Jim Scott 0-0: Ball
1-0: Ball
2-0: Called Strike
2-1: Called Strike
2-2: Strikes out looking
Top of the 7th over - 0 run(s), 0 hit(s), 0 error(s), 0 left on base; Delaware 4 - Hogsmeade 4
BOTTOM OF THE 7TH
Hogsmeade Cauldrons batting - Pitching for Delaware 1787 BC : LHP Walker Beach
Batting: RHB Ernesto Souza 0-0: Fly out, F9 (Flyball, 9D)
Batting: RHB Jesús Cisneros 0-0: Ball
1-0: Called Strike
1-1: Ball
2-1: Swinging Strike
2-2: Fly out, F8 (Flyball, 8RM)
Batting: RHB Luis Martínez 0-0: Ball
1-0: Called Strike
1-1: Called Strike
1-2: Ball
2-2: SINGLE (Line Drive, 56D)
Batting: SHB Fernando Sánchez 0-0: Swinging Strike
0-1: Ball
1-1: Called Strike
1-2: Ball
Luis Martínez is caught stealing 2nd base
Bottom of the 7th over - 0 run(s), 1 hit(s), 0 error(s), 0 left on base; Delaware 4 - Hogsmeade 4
TOP OF THE 8TH
Delaware 1787 BC batting - Pitching for Hogsmeade Cauldrons : LHP Octávio Ríos
Batting: LHB Ángel Aguilar 0-0: Ground out 4-3 (Groundball, 34)
Batting: RHB Henrique Shearman 0-0: Ball
1-0: Called Strike
1-1: Ball
2-1: DOUBLE (Flyball, 78D)
Pitching: LHP Jim Unknown
Batting: RHB Pedro Rivera 0-0: Foul Ball, location: 2F
0-1: Foul Ball, location: 2F
0-2: Ball
1-2: Strikes out looking
Batting: RHB Mike Greene 0-0: Called Strike
0-1: Ball
1-1: Ball
2-1: Ball
3-1: Base on Balls
Pinch Hitting: SHB Alonso Solís 0-0: Called Strike
0-1: Called Strike
0-2: Ball
1-2: Ball
2-2: Ball
3-2: Foul Ball, location: 2F
3-2: Base on Balls
Henrique Shearman to third
Mike Greene to second
Batting: RHB David Ortega 0-0: Called Strike
0-1: Ball
1-1: Ball
2-1: Ball
3-1: Called Strike
3-2: Fly out, F8 (Flyball, 89M)
Top of the 8th over - 0 run(s), 1 hit(s), 0 error(s), 3 left on base; Delaware 4 - Hogsmeade 4
BOTTOM OF THE 8TH
Hogsmeade Cauldrons batting - Pitching for Delaware 1787 BC : LHP Walker Beach
Now at 2B: Alonso Solís
Batting: SHB Fernando Sánchez 0-0: Ball
1-0: Ball
2-0: Ball
3-0: Swinging Strike
3-1: Base on Balls
Batting: RHB Reynaldo Pérez 0-0: Sac Bunt - play at first, batter OUT! 5-4
Fernando Sánchez to second
Batting: RHB Miguel Torres 0-0: Called Strike
0-1: Ball
1-1: Ball
2-1: Ball
3-1: Foul Ball, location: 2F
3-2: Foul Ball, location: 2F
3-2: SINGLE (Line Drive, 34D)
Fernando Sánchez to third
Pitching: RHP Jim Unknown
Batting: RHB Jim Unknown 0-0: Called Strike
0-1: Called Strike
0-2: Ball
1-2: Foul Ball, location: 2F
1-2: Strikes out swinging
Batting: SHB Jim Unknown 0-0: Foul Ball, location: 2F
0-1: Ball
1-1: Ball
2-1: SINGLE (Line Drive, 4MD)
Fernando Sánchez scores
Miguel Torres to second
Pinch Hitting: RHB Raúl Reyna 0-0: Hit by Pitch
Miguel Torres to third
Jim Unknown to second
Pinch Hitting: LHB Jim Unknown 0-0: Ball
1-0: Ground out 4-3 (Groundball, 4)
Bottom of the 8th over - 1 run(s), 2 hit(s), 0 error(s), 3 left on base; Delaware 4 - Hogsmeade 5
TOP OF THE 9TH
Delaware 1787 BC batting - Pitching for Hogsmeade Cauldrons : LHP Jim Unknown
Pitching: RHP Jim Unknown
Now at 2B: Jim Unknown
Now in RF: Raúl Reyna
Batting: LHB Tony Vega 0-0: Called Strike
0-1: Ball
1-1: Swinging Strike
1-2: Strikes out swinging
Batting: LHB José Cordero 0-0: Called Strike
0-1: TRIPLE (Flyball, 89M)
Batting: RHB Jim Scott 0-0: 2-RUN HOME RUN (Line Drive, 9D), Distance : 394 ft
Batting: LHB Ángel Aguilar 0-0: Foul Ball, location: 2F
0-1: Called Strike
0-2: Ball
1-2: Ball
2-2: Ball
3-2: Strikes out swinging
Batting: RHB Henrique Shearman 0-0: Foul Ball, location: 2F
0-1: Swinging Strike
0-2: Ball
1-2: Strikes out looking
Top of the 9th over - 2 run(s), 2 hit(s), 0 error(s), 0 left on base; Delaware 6 - Hogsmeade 5
BOTTOM OF THE 9TH
Hogsmeade Cauldrons batting - Pitching for Delaware 1787 BC : RHP Jim Unknown
Pitching: RHP Jim Unknown
Batting: RHB Jesús Cisneros 0-0: Swinging Strike
0-1: Swinging Strike
0-2: Ball
1-2: Strikes out swinging
Batting: RHB Luis Martínez 0-0: Ground out 6-3 (Groundball, 6M)
Batting: SHB Fernando Sánchez 0-0: Called Strike
0-1: Ground out U3 (Groundball, 3S)
Bottom of the 9th over - 0 run(s), 0 hit(s), 0 error(s), 0 left on base; Delaware 6 - Hogsmeade 5
This league is powered by Out of the Park Baseball, the baseball management simulation game for PC, Mac and Linux
Friday, April 15th, 2016 - OOTP Baseball 16.9 Build 39